 Dungeon Sprint DCSS version 0.29.1-1-gd02db6906a (webtiles) character file.

Game seed: 4204784039002164928

6600000 RogueRain17 the Intangible (level 24, -27/181 HPs)
             Began as a Kobold Monk on Sept 20, 2022.
             Was the Champion of Makhleb.
             Annihilated by a destroyer
             ... wielding a +9 vorpal great sword
              (116 damage)
             ... in the Dungeon (Sprint VIII: "Arena of Blood").
             The game lasted 00:04:47 (66 turns).

RogueRain17 the Intangible (Kobold Monk)              Turns: 66, Time: 00:04:50

Health: -27/181    AC:  3    Str: 12    XL:     24   Next: 38%
Magic:  25/43      EV: 41    Int: 13    God:    Makhleb [******]
Gold:   0          SH:  0    Dex: 23    Spells: 55/55 levels left

rFire   . . .      SeeInvis .   j - +∞ Axe of Woe
rCold   . . .      Faith    .   (shield currently unavailable)
rNeg    . . .      Spirit   .   b - +0 robe
rPois   .          Reflect  .   (no helmet)
rElec   .          Harm     .   (no cloak)
rCorr   .          Rampage  .   (no gloves)
Will    +....      NoTele   +   (no boots) Stlth *+++++++++
                                (no amulet)
HPRegen 0.40/turn               (no ring)
MPRegen 0.28/turn               (no ring)

@: slowed, very slow
A: small, no large weapons, nightstalker 3
a: Renounce Religion, Minor Destruction, Lesser Servant of Makhleb, Major
Destruction, Greater Servant of Makhleb


You were in the Dungeon.
You worshipped Makhleb.
Makhleb was exalted by your worship.
You visited 1 branch

Inventory:

Hand Weapons
 a - a +0 hand axe
 j - the +∞ Axe of Woe (weapon)
   (You found it in the Dungeon)
Armour
 b - a +0 robe (worn)
Scrolls
 i - a scroll of blinking
Potions
 c - a potion of ambrosia
 d - a potion of curing
 e - a potion of heal wounds
 f - a potion of haste
 g - 2 potions of magic
 h - a potion of berserk rage


   Skills:
 O Level 27 Fighting
 + Level 20.5(23.8) Short Blades
 + Level 13.8(16.1) Long Blades
 O Level 27 Axes
 + Level 15.0(25.1) Maces & Flails
 + Level 13.8(23.3) Polearms
 + Level 15.0(19.6) Staves
 + Level 20.5 Ranged Weapons
 + Level 17.6 Throwing
 + Level 13.8 Armour
 O Level 27 Dodging
 O Level 27 Stealth
 + Level 13.8 Shields
 + Level 16.2 Unarmed Combat
 + Level 16.2 Spellcasting
 + Level 16.2 Conjurations
 + Level 18.0 Hexes
 + Level 16.2 Summonings
 + Level 16.2 Necromancy
 + Level 16.2 Translocations
 + Level 16.2 Transmutations
 + Level 16.2 Fire Magic
 + Level 16.2 Ice Magic
 + Level 16.2 Air Magic
 + Level 16.2 Earth Magic
 + Level 18.0 Poison Magic
 + Level 19.4 Invocations
 + Level 21.0 Evocations


You had 55 spell levels left.
You didn't know any spells.
Your spell library was empty.

Dungeon Overview and Level Annotations

Branches:
Dungeon (1/1)

Altars:
Makhleb


Innate Abilities, Weirdness & Mutations

You are small and have problems with some larger weapons.
You are completely attuned to the shadows.


Message History

A bag of meat comes into view. It is wielding a +9 war axe.
The destroyer casts a spell at you.
The destroyer blinks!
The destroyer points at you and mumbles some strange words.
The destroyer blinks!
Your base Short Blades skill increases to level 20!
Your base Maces & Flails skill increases to level 15!
Your base Staves skill increases to level 15!
Your Ranged Weapons skill increases to level 20!
Your Throwing skill increases to level 17!
Your Unarmed Combat skill increases to level 16!
Your Spellcasting skill increases to level 16!
Your Conjurations skill increases to level 16!
Your Hexes skill increases to level 18!
Your Summonings skill increases to level 16!
Your Necromancy skill increases to level 16!
Your Translocations skill increases to level 16!
Your Transmutations skill increases to level 16!
Your Fire Magic skill increases to level 16!
Your Ice Magic skill increases to level 16!
Your Air Magic skill increases to level 16!
Your Earth Magic skill increases to level 16!
Your Poison Magic skill increases to level 18!
Your Invocations skill increases to level 19!
Your Evocations skill increases to level 21!
You have reached level 24!
The meat berserker appears out of thin air!
A meat berserker comes into view. It is wielding a +9 battleaxe.
You hear a shout! x4
The destroyer hits you with a +9 vorpal great sword!!!
The destroyer bites you!
The destroyer draws strength from your injuries!
You hear a shout! x5
A meat berserker comes into view. It is wielding a +9 battleaxe.
You hear a shout! x3
The bag of meat is engulfed in blazing flames. x2
You hear a shout!
The destroyer hits you with a +9 vorpal great sword!!!!
Ouch! That really hurt!
You die...

..#### .....####
#####......##
...O...V.....
##......@o)...
........)§oo...
.#.#..)§§)§#o§..
......).O####.V.
.......)§...


oo. ....).)..... §o ...§.°)...... ...§)...).... .....#§..).... You could see 2
destroyers, 2 meat berserkers and 6 bags of meat.

Vanquished Creatures
  A royal mummy (D)
  6 vampire knights (D)
  14 ogres (D)
  2 two-headed ogres (D)
  A lich (D)
  22 orcs (D)
46 creatures vanquished.

Notes
Turn   | Place    | Note
-------+----------+-------------------------------------------
     0 | D        | Found the +∞ Axe of Woe
     0 | D        | RogueRain17 the Kobold Monk began the quest for the Orb.
     0 | D        | Reached XP level 1. HP: 14/14 MP: 1/1
     4 | D        | Became a worshipper of Makhleb the Destroyer
     4 | D        | Reached * piety under Makhleb
     4 | D        | Reached ** piety under Makhleb
     7 | D        | Noticed a meat berserker
    11 | D        | Killed a meat berserker
    11 | D        | Noticed a bag of meat
    12 | D        | Reached XP level 2. HP: 39/39 MP: 2/2
    12 | D        | Reached XP level 3. HP: 44/44 MP: 3/3
    12 | D        | Reached XP level 4. HP: 50/50 MP: 4/4
    12 | D        | Reached XP level 5. HP: 55/55 MP: 5/5
    12 | D        | Reached XP level 6. HP: 60/60 MP: 6/6
    12 | D        | Reached XP level 7. HP: 66/66 MP: 7/7
    12 | D        | Reached XP level 8. HP: 72/72 MP: 8/8
    12 | D        | Reached XP level 9. HP: 76/76 MP: 9/9
    12 | D        | Reached XP level 10. HP: 83/83 MP: 10/10
    12 | D        | Reached XP level 11. HP: 88/88 MP: 11/11
    12 | D        | Reached XP level 12. HP: 93/93 MP: 12/12
    12 | D        | Noticed a meat berserker
    12 | D        | Noticed a bag of meat
    13 | D        | Noticed a bag of meat
    14 | D        | Killed a meat berserker
    15 | D        | Reached skill level 10 in Stealth
    15 | D        | Reached XP level 13. HP: 104/104 MP: 13/13
    15 | D        | Noticed a bag of meat
    15 | D        | Noticed a meat berserker
    15 | D        | Noticed a meat berserker
    16 | D        | Noticed a meat berserker
    17 | D        | Killed a meat berserker
    17 | D        | Reached *** piety under Makhleb
    17 | D        | Noticed a bag of meat
    18 | D        | Reached XP level 14. HP: 114/114 MP: 14/14
    18 | D        | Killed a bag of meat
    18 | D        | Killed a bag of meat
    19 | D        | Reached XP level 15. HP: 84/122 MP: 15/15
    19 | D        | Killed a meat berserker
    20 | D        | Reached skill level 27 in Dodging
    20 | D        | Killed a meat berserker
    20 | D        | Reached **** piety under Makhleb
    21 | D        | Reached skill level 27 in Fighting
    21 | D        | Reached skill level 15 in Stealth
    21 | D        | Reached XP level 16. HP: 133/133 MP: 16/16
    23 | D        | Noticed a destroyer
    24 | D        | Reached ***** piety under Makhleb
    25 | D        | Reached skill level 27 in Axes
    25 | D        | Reached XP level 17. HP: 139/139 MP: 17/17
    27 | D        | Reached skill level 27 in Stealth
    27 | D        | Killed a destroyer
    27 | D        | Noticed a meat berserker
    28 | D        | Reached skill level 5 in Evocations
    28 | D        | Noticed a large bag of meat
    29 | D        | Reached skill level 5 in Throwing
    29 | D        | Reached skill level 5 in Hexes
    29 | D        | Reached skill level 5 in Poison Magic
    29 | D        | Reached skill level 5 in Invocations
    29 | D        | Reached XP level 18. HP: 145/145 MP: 17/25
    30 | D        | Noticed a meat berserker
    31 | D        | Killed a meat berserker
    31 | D        | Reached ****** piety under Makhleb
    32 | D        | Reached skill level 5 in Long Blades
    32 | D        | Reached skill level 5 in Maces & Flails
    32 | D        | Reached skill level 5 in Polearms
    32 | D        | Reached skill level 5 in Staves
    32 | D        | Reached skill level 5 in Armour
    32 | D        | Reached skill level 5 in Shields
    33 | D        | Noticed a destroyer
    34 | D        | Killed a meat berserker
    35 | D        | Reached XP level 19. HP: 151/151 MP: 18/29
    36 | D        | Killed a large bag of meat
    37 | D        | Reached skill level 10 in Short Blades
    37 | D        | Reached skill level 10 in Ranged Weapons
    37 | D        | Reached skill level 10 in Evocations
    37 | D        | Noticed a meat berserker
    39 | D        | Reached skill level 10 in Invocations
    39 | D        | Killed a meat berserker
    41 | D        | Killed a destroyer
    42 | D        | Reached skill level 10 in Throwing
    42 | D        | Reached skill level 10 in Hexes
    42 | D        | Reached skill level 10 in Poison Magic
    42 | D        | Reached XP level 20. HP: 145/157 MP: 19/33
    43 | D        | Noticed a destroyer
    47 | D        | Killed a destroyer
    48 | D        | Reached skill level 10 in Unarmed Combat
    48 | D        | Reached skill level 10 in Spellcasting
    48 | D        | Reached skill level 10 in Conjurations
    48 | D        | Reached skill level 10 in Summonings
    48 | D        | Reached skill level 10 in Necromancy
    48 | D        | Reached skill level 10 in Translocations
    48 | D        | Reached skill level 10 in Transmutations
    48 | D        | Reached skill level 10 in Fire Magic
    48 | D        | Reached skill level 10 in Ice Magic
    48 | D        | Reached skill level 10 in Air Magic
    48 | D        | Reached skill level 10 in Earth Magic
    49 | D        | Noticed an accursed
    52 | D        | Noticed a meat berserker
    52 | D        | Noticed a tyrant
    56 | D        | Killed a meat berserker
    57 | D        | Reached skill level 10 in Maces & Flails
    57 | D        | Reached skill level 10 in Staves
    57 | D        | Reached XP level 21. HP: 105/163 MP: 22/36
    57 | D        | Killed an accursed
    57 | D        | Noticed a meat berserker
    58 | D        | Reached skill level 15 in Short Blades
    58 | D        | Reached skill level 10 in Long Blades
    58 | D        | Reached skill level 10 in Polearms
    58 | D        | Reached skill level 15 in Ranged Weapons
    58 | D        | Reached skill level 10 in Armour
    58 | D        | Reached skill level 10 in Shields
    58 | D        | Reached skill level 15 in Evocations
    58 | D        | Noticed a large bag of meat
    58 | D        | Noticed a meat berserker
    58 | D        | Noticed a destroyer
    58 | D        | Noticed a meat berserker
    58 | D        | Noticed a destroyer
    59 | D        | Noticed a destroyer
    59 | D        | Killed a meat berserker
    59 | D        | Killed a meat berserker
    59 | D        | Noticed a meat berserker
    60 | D        | Reached skill level 15 in Invocations
    60 | D        | Reached XP level 22. HP: 143/169 MP: 23/38
    60 | D        | Killed a destroyer
    61 | D        | Killed a destroyer
    61 | D        | Killed a meat berserker
    62 | D        | Reached skill level 15 in Throwing
    62 | D        | Reached skill level 15 in Hexes
    62 | D        | Reached skill level 15 in Poison Magic
    62 | D        | Killed a large bag of meat
    62 | D        | Killed a destroyer
    62 | D        | Noticed a meat berserker
    63 | D        | Reached XP level 23. HP: 122/175 MP: 24/41
    63 | D        | Noticed a destroyer
    63 | D        | Noticed a destroyer
    64 | D        | Reached skill level 15 in Unarmed Combat
    64 | D        | Reached skill level 15 in Spellcasting
    64 | D        | Reached skill level 15 in Conjurations
    64 | D        | Reached skill level 15 in Summonings
    64 | D        | Reached skill level 15 in Necromancy
    64 | D        | Reached skill level 15 in Translocations
    64 | D        | Reached skill level 15 in Transmutations
    64 | D        | Reached skill level 15 in Fire Magic
    64 | D        | Reached skill level 15 in Ice Magic
    64 | D        | Reached skill level 15 in Air Magic
    64 | D        | Reached skill level 15 in Earth Magic
    65 | D        | Killed a tyrant
    66 | D        | Reached skill level 15 in Maces & Flails
    66 | D        | Reached skill level 15 in Staves
    66 | D        | Reached XP level 24. HP: 162/181 MP: 25/43
    66 | D        | Annihilated by a destroyer

Illustrated notes

Levels and vault maps discovered:
D:        meatsprint

Skill      XL: |  1  2  3  4  5  6  7  8  9 10 11 12 13 14 15 16 17 18 19 20 21 22 23 |
---------------+----------------------------------------------------------------------+-----
Fighting       | 18 21 23 24 27 | 27.0
Axes           | 14 17 18 20 23 27 | 27.0
Dodging        | 19 22 24 26 27 | 27.0
Stealth        | 9 10 11 12 15 22 27 | 27.0
Short Blades   | 6 9 12 14 16 18 20 | 20.5
Long Blades    | 3 6 7 9 10 12 13 | 13.8
Maces & Flails | 4 6 8 10 11 13 15 | 15.0
Polearms       | 3 6 7 9 10 12 13 | 13.8
Staves         | 4 6 8 10 11 13 15 | 15.0
Ranged Weapons | 6 9 12 14 16 18 20 | 20.5
Throwing       | 5 7 10 11 13 16 17 | 17.6
Armour         | 4 6 7 9 10 12 13 | 13.8
Shields        | 3 6 7 9 10 12 13 | 13.8
Unarmed Combat | 4 7 9 11 12 14 16 | 16.2
Spellcasting   | 4 7 9 11 12 14 16 | 16.2
Conjurations   | 4 7 9 11 12 14 16 | 16.2
Hexes          | 5 8 10 12 14 16 18 | 18.0
Summonings     | 4 7 9 11 12 14 16 | 16.2
Necromancy     | 4 7 9 11 12 14 16 | 16.2
Translocations | 4 7 9 11 12 14 16 | 16.2
Transmutations | 4 7 9 11 12 14 16 | 16.2
Fire Magic     | 4 7 9 11 12 14 16 | 16.2
Ice Magic      | 4 7 9 11 12 14 16 | 16.2
Air Magic      | 4 7 9 11 12 14 16 | 16.2
Earth Magic    | 4 7 9 11 12 14 16 | 16.2
Poison Magic   | 5 8 10 12 13 16 18 | 18.0
Invocations    | 5 8 11 13 15 17 19 | 19.4
Evocations     | 6 9 12 14 16 19 21 | 21.0

Action                   |  1- 3 |  4- 6 |  7- 9 | 10-12 | 13-15 | 16-18 | 19-21 | 22-24 || total
-------------------------+-------+-------+-------+-------+-------+-------+-------+-------++-------
Melee: Broad axe         |     1 |       |       |     1 |     4 |     8 |    10 |     6 ||    30
 Stab: Distracted        |       |       |       |       |       |       |     1 |       ||     1
Dodge: Dodged            |       |       |       |       |       |       |     1 |       ||     1
